 Dungeon Crawl Stone Soup version 0.17-a0-2231-gd80ca38 (webtiles) character file.

95 Raultor the Sneak (level 4, -5/27 HPs)
             Began as an Octopode Enchanter on Oct 29, 2015.
             Was an Initiate of Dithmenos.
             Slain by an orc
             ... wielding a +0 falchion
              (8 damage)
             ... on level 3 of the Dungeon.
             The game lasted 00:05:36 (1727 turns).

Raultor the Sneak (Octopode Enchanter)              Turns: 1727, Time: 00:05:36

Health: -5/27      AC:  1    Str:  7    XL:     4   Next: 66%
Magic:  2/7        EV: 12    Int: 18    God:    Dithmenos [......]
Gold:   50         SH:  0    Dex: 12    Spells: 3 memorised, 1 level left

rFire  x . .     SeeInvis .     a - +1 dagger
rCold  + . .     Clarity  .     (no shield)
rNeg   . . .     SustAt   .     (helmet restricted)
rPois  .         Gourm    .     (no amulet)
rElec  .         Spirit   .     q - ring of ice
rCorr  .         Warding  .     (no ring)
rMut   .         Stasis   .     (no ring)
MR     .....                    (no ring)
Stlth  ++++......               (no ring)
                                (no ring)
                                (no ring)
                                (no ring)

@: very slightly contaminated, not resistant to hostile enchantments, stealthy
A: almost no armour, amphibious, 8 rings, constrict 8, camouflage 1, gelatinous
body 1
a: Renounce Religion


You were on level 3 of the Dungeon.
You worshipped Dithmenos.
Dithmenos was noncommittal.
You were not hungry.

You visited 1 branch of the dungeon, and saw 3 of its levels.

You collected 50 gold pieces.

Inventory:

Hand Weapons
 a - a +1 dagger (weapon)
Missiles
 m - 6 tomahawks (quivered)
Jewellery
 q - a ring of ice (left tentacle)
Wands
 f - a wand of random effects (15)
Scrolls
 g - a scroll of immolation {unknown}
 h - a scroll of fear {unknown}
 l - 2 scrolls of identify {unknown}
Potions
 d - a potion of flight {unknown}
 e - 4 potions of curing {unknown}
 j - 2 potions of cancellation {unknown}
 r - a potion of agility {unknown}
 s - a potion of magic {unknown}
 t - a potion of resistance {unknown}
Books
 b - a book of Maledictions

   Spells                             Type                      Level
   a - Corona                         Hexes                        1
   b - Ensorcelled Hibernation        Hexes/Ice                    2
   c - Confuse                        Hexes                        3
   d - Tukima's Dance                 Hexes                        3
   e - Dazzling Spray                 Conjuration/Hexes            3
Comestibles
 c - 4 bread rations
 i - 2 royal jellies
 k - 4 fruits
 n - 2 meat rations
 o - a beef jerky


   Skills:
 - Level 1.0 Short Blades
 - Level 2.0 Dodging
 + Level 6.1 Stealth
 - Level 2.0 Spellcasting
 + Level 4.1 Hexes


You had one spell level left.
You knew the following spells:

 Your Spells              Type           Power        Failure   Level  Hunger
a - Corona                Hex            ###....      3%          1    #......
b - Ensorcelled Hibernat  Hex/Ice        ##....       12%         2    ###....
c - Tukima's Dance        Hex            ###.....     12%         3    ###....


Dungeon Overview and Level Annotations

Branches:
Dungeon (3/15)

Altars:
Dithmenos
Elyvilon
Sif Muna


Innate Abilities, Weirdness & Mutations

You cannot wear most types of armour.
You are amphibious.
You can wear up to eight rings at the same time.
You can use your tentacles to constrict eight enemies at once.
Your skin changes colour to match your surroundings (Stealth).
Your rubbery body absorbs attacks (AC +1).


Message History

Aim: an orc priest, wielding a club and wearing a chain mail (lightly wounded, constricted by you, chance to defeat MR: 44%)
You feel a surge of power!
The orc priest is unaffected.
You constrict the orc priest, but do no damage.
The orc priest completely misses you. The orc hits you with a falchion.
* * * LOW HITPOINT WARNING * * *
You are too injured to fight recklessly!
You hit the orc priest.
You squeeze the orc priest, but do no damage.
The orc priest is moderately wounded.
You constrict the orc priest. The orc priest closely misses you.
The orc hits you with a falchion.
* * * LOW HITPOINT WARNING * * *
You hit the orc priest.
The orc priest is moderately wounded.
You constrict the orc priest, but do no damage.
The orc priest misses you.
You hit the orc priest but do no damage.
The orc priest is moderately wounded.
You constrict the orc priest. The orc hits you with a falchion!
You die...

##########
#........#
#........#
#....o...#
+...o@..?# ####
#.....[..######
#...
#.............#
#...
#..$......)##.#
#.#.
#...#+#....##.#
#.#. ###[
#.......#####.#.
#.
#.............#.
#.
#..........####.
......####.# #.


You could see an orc priest and an orc.

Vanquished Creatures
  An orc priest (D:3)
  An adder (D:2)
  A worm (D:2)
  2 giant geckos
  5 giant cockroaches
  10 hobgoblins
  2 kobolds
  A quokka (D:2)
  5 bats
  2 giant newts
  11 goblins
  6 rats
47 creatures vanquished.

Notes
Turn   | Place    | Note
--------------------------------------------------------------
     0 | D:1      | Raultor the Octopode Enchanter began the quest for the Orb.
     0 | D:1      | Reached XP level 1. HP: 11/11 MP: 3/3
   102 | D:1      | Reached XP level 2. HP: 17/17 MP: 5/5
   717 | D:2      | Reached skill level 5 in Stealth
   720 | D:2      | Reached XP level 3. HP: 21/21 MP: 6/6
   725 | D:2      | Learned a level 2 spell: Ensorcelled Hibernation
   939 | D:2      | Found a deep blue altar of Sif Muna.
  1023 | D:2      | Found a shadowy altar of Dithmenos.
  1033 | D:2      | Became a worshipper of Dithmenos the Shadowed
  1056 | D:2      | Found a white marble altar of Elyvilon.
  1445 | D:2      | Reached XP level 4. HP: 27/27 MP: 7/7
  1682 | D:3      | Learned a level 3 spell: Tukima's Dance
  1717 | D:3      | Reached skill level 6 in Stealth
  1727 | D:3      | Slain by an orc

Vault maps used:
D:1:      scummos_arrival_gate, kennysheep_small_spiral
D:2:      lemuel_crystal_altar, nicolae_overflow_crystal_walls,
          old_standard_altar, first_bread
D:3:      ecumenical_altar_1, kennysheep_potato

Action                   |  1- 3 |  4- 6 || total
-------------------------+-------+-------++-------
Melee: Dagger            |    71 |    11 ||    82
 Cast: Corona            |     3 |       ||     3
       Ensorcelled Hiber |     7 |     4 ||    11
 Stab: Sleeping          |    17 |     6 ||    23
  Eat: Chunk             |     2 |     1 ||     3
